 Dungeon Crawl Stone Soup version 0.30-a0-34-gbe8da3892a (webtiles) character file.

Game seed: 4228392917827750683

476 ytrimaz the Insei (level 7, 0/43 HPs)
             Began as an Octopode Transmuter on Aug 27, 2022.
             Slain by Pikel
             ... wielding a +1 whip of freezing
              (3 damage)
             ... on level 5 of the Dungeon.
             The game lasted 00:03:46 (4208 turns).

ytrimaz the Insei (Octopode Transmuter)             Turns: 4208, Time: 00:03:46

Health: 0/43       AC:  2    Str: 10    XL:     7   Next: 10%
Magic:  7/10       EV: 19    Int: 17    God:
Gold:   166        SH:  0    Dex: 17    Spells: 4/10 levels left

rFire   . . .      SeeInvis .      - Unarmed
rCold   . . .      Faith    .    (shield currently unavailable)
rNeg    . . .      Spirit   .    (helmet currently unavailable)
rPois   x          Reflect  .    (no amulet)
rElec   .          Harm     .    (no ring)
rCorr   .          Rampage  .    (no ring)
Will    .....                    (no ring)
Stlth   ++........               (no ring)
HPRegen 0.14/turn                (no ring)
MPRegen 0.12/turn                (no ring)
                                 (no ring)
                                 (no ring)

@: spider-form
A: venomous fangs, almost no armour, (amphibious), 8 rings, tiny, (camouflage
1), (gelatinous body 1), (nimble swimmer 1), (tentacles)
a: End Transformation


You were on level 5 of the Dungeon.
You were a venomous arachnid creature.
You visited 1 branch of the dungeon, and saw 5 of its levels.

You collected 166 gold pieces.

Inventory:

Wands
 b - a wand of roots (18)
Scrolls
 e - 2 scrolls of blinking
Potions
 c - a potion of heal wounds
 d - a potion of resistance


   Skills:
 - Level 1.0 Fighting
 - Level 2.0 Dodging
 + Level 6.2 Unarmed Combat
 - Level 2.0 Spellcasting
 * Level 4.1 Transmutations
 * Level 3.2 Poison Magic


You had 4 spell levels left.
You knew the following spells:

 Your Spells              Type           Power      Damage    Failure   Level
a - Beastly Appendage     Tmut           30%        N/A       12%         1
b - Wereblood             Tmut           15%        N/A       16%         2
c - Spider Form           Tmut/Pois      14%        N/A       30%         3

Your spell library contained the following spells:

 Spells                   Type           Power      Damage    Failure   Level
 Summon Small Mammal      Summ           4%         N/A       38%         1
 Ignite Poison            Fire/Tmut/Pois 10%        N/A       43%         3
 Call Canine Familiar     Summ           1%         N/A       71%         3
 Conjure Flame            Conj/Fire      1%         6-21      71%         3
 Summon Guardian Golem    Hex/Summ       1%         N/A       71%         3
 Ice Form                 Ice/Tmut       8%         N/A       82%         4
 Sticky Flame             Conj/Fire      1%         2d3       96%         4


Dungeon Overview and Level Annotations

Branches:
Dungeon (5/15)
 Temple: D:4-7

Altars:
Dithmenos
Qazlal
Uskayaw
Vehumet

Annotations:
D:5 Pikel


Innate Abilities, Weirdness & Mutations

You are a venomous arachnid creature.
You have poisonous fangs.
You are tiny and dextrous.
Your spellcasting is less reliable in this form.
Your armour is entirely melded.
You are incapable of wielding weapons or throwing items.
You cannot wear most types of armour.
((You are amphibious.))
You can wear up to eight rings at the same time.
((Your skin changes colour to match your surroundings (Stealth+).))
((Your rubbery body absorbs attacks. (AC +1, EV +1)))
((You are camouflaged when in or above water. (Stealth+)))
((You have tentacles for arms and can constrict up to eight enemies at once.))


Message History

You kill the white imp!
You hit the iguana but do no damage.
The iguana is poisoned.
The iguana completely misses you.
You bite the iguana!
The iguana looks as sick as possible!
The iguana is heavily wounded.
You hit the iguana.
The iguana looks as sick as possible!
The iguana is almost dead.
You kill the iguana!
As you read the scroll labelled XUNKIH PIESI, it crumbles to dust.
You feel aware of your surroundings.
You sensed 1 shop/portal.
It was a scroll of magic mapping.
Your transformation has ended.
Unknown command.
Unknown command.
Pikel, Merchant of Souls comes into view.
He is wielding a +1 whip of freezing.
A scorpion comes into view.
There are monsters nearby!
There are monsters nearby!
There are monsters nearby!
Casting: Spider Form (dangerous; 13% risk of failure)
Confirm with . or Enter, or press ? or * to list all spells.
You turn into a venomous arachnid creature.
Pikel shouts!
You hear a shout! x2
There are monsters nearby!
Unknown command.
A lemure comes into view. x2
Okay, then.
Press: ? - help, v - describe, . - travel
Here: Pikel, wielding a +1 whip of freezing and wearing a +0 robe The floor.
Pikel hits you with a +1 whip of freezing!
Pikel freezes you.
* * * LOW HITPOINT WARNING * * *
A lemure comes into view.
You hit Pikel.
Pikel is poisoned.
Pikel is lightly wounded.
Pikel hits you with a +1 whip of freezing!
* * * LOW HITPOINT WARNING * * *
Pikel freezes you.
You die...

*,*,,,,,,..#,** **,,
*,*******#.#,*##********,,*
*,* ***#.#,..,,,,,,,,*,,,
*,* *,,.....####,,,,,*,*,
*,* #,*#.#.[....,,,,,,,>,
*,*####.##.#...#**,,,,,*,**
*,,........s...#*#,,,,,*,,*
*******,*#K##..#*.####*,,,,
#.##s##..#*#.#.#,**,*
#........###..#.##*,*
####.##555...###.#*,#
#.##.####..#..#*<#
#.##........#.##.#
#.#######.###.#... ****#.#
#.# #..#** *,,,..# #.#*#.##
* *,**### #..*#.#


You could see Pikel (very poisoned), 3 lemures and a scorpion.

Vanquished Creatures
  2 phantoms
  A jelly (D:4)
  2 hounds
  3 iguanas
  Terence (D:3)
  Robin (D:3)
  A gnoll (D:1)
  4 adders
  2 white imps (D:5)
  4 dart slugs
  An orc (D:4)
  6 ball pythons
  A bat (D:1)
  2 endoplasms
  3 giant cockroaches
  11 goblins
  8 hobgoblins
  3 kobolds
  5 quokkas
  A frilled lizard (D:1)
  3 rats
65 creatures vanquished.

Notes
Turn   | Place    | Note
-------+----------+-------------------------------------------
     0 | D:1      | ytrimaz the Octopode Transmuter began the quest for the
                  | Orb.
     0 | D:1      | Reached XP level 1. HP: 13/13 MP: 3/3
    45 | D:1      | Reached XP level 2. HP: 8/18 MP: 5/5
   554 | D:1      | Found a faded altar of an unknown god.
   649 | D:1      | Reached skill level 4 in Unarmed Combat
   649 | D:1      | Reached XP level 3. HP: 15/23 MP: 4/6
   652 | D:1      | Learned a level 2 spell: Wereblood
   656 | D:1      | Learned a level 3 spell: Spider Form
  1285 | D:2      | You fall into a shaft and drop 1 floor!
  1324 | D:3      | Noticed Terence
  1325 | D:3      | Noticed Robin
  1345 | D:3      | Killed Terence
  1346 | D:3      | Reached skill level 1 in Poison Magic
  1346 | D:3      | Reached XP level 4. HP: 10/28 MP: 5/7
  1386 | D:3      | Killed Robin
  1617 | D:3      | Found a radiant altar of Vehumet.
  1618 | D:3      | Found a shadowy altar of Dithmenos.
  1618 | D:3      | Found a hide-covered altar of Uskayaw.
  1879 | D:3      | Reached skill level 5 in Unarmed Combat
  1879 | D:3      | Reached XP level 5. HP: 32/33 MP: 6/8
  1993 | D:3      | Found a stormy altar of Qazlal.
  2409 | D:4      | Noticed a phantom
  2429 | D:4      | Killed a phantom
  2644 | D:4      | Reached XP level 6. HP: 38/38 MP: 7/9
  3717 | D:5      | Entered Level 5 of the Dungeon
  4055 | D:5      | Reached skill level 6 in Unarmed Combat
  4176 | D:5      | Reached XP level 7. HP: 26/43 MP: 7/10
  4203 | D:5      | Noticed Pikel
  4208 | D:5      | Slain by Pikel

Illustrated notes

Levels and vault maps discovered:
D:1:      minmay_arrival_doors, layout_rooms,
          hellmonk_ecumenical_altar_defaced_shrine, roderic_lattice_a
D:2:      layout_basic, minmay_split_cup_large
D:3:      layout_loops_ring, nicolae_qazlal_general_emergency,
          gammafunk_temple_overflow_claw, minmay_unequal, uniq_robin,
          uniq_terence
D:4:      minmay_evil_eye, layout_gridville, portal_sewer_entry_d
D:5:      layout_loops_ring, serial_shops, nicolae_shop_statue_plus,
          minmay_misc_feat_rugged, uniq_menkaure, uniq_crazy_yiuf_cottage,
          uniq_pikel

Skill      XL: |  1  2  3  4  5  6 |
---------------+-------------------+-----
Unarmed Combat | 4 5 6 |  6.2
Poison Magic   | 1 2 3 |  3.2
Transmutations | 3 4 |  4.1
Fighting       | |  1.0
Dodging        | |  2.0
Spellcasting   | |  2.0

Action                   |  1- 3 |  4- 6 |  7- 9 || total
-------------------------+-------+-------+-------++-------
Melee: Unarmed           |    62 |    90 |     7 ||   159
       Constrict         |    22 |    17 |       ||    39
       Tentacles         |    14 |    13 |       ||    27
       Kick              |    13 |    16 |       ||    29
       Punch             |     2 |     5 |       ||     7
 Cast: Beastly Appendage |    14 |    21 |       ||    35
       Wereblood         |     1 |     1 |       ||     2
       Spider Form       |       |     6 |     1 ||     7
  Use: Scroll            |     4 |     2 |     1 ||     7
       Potion            |     1 |     4 |       ||     5
 Stab: Sleeping          |     5 |     3 |       ||     8
       Invisible         |       |     1 |       ||     1
Armor: Skin              |     5 |    24 |     1 ||    30
Dodge: Dodged            |    36 |    52 |     1 ||    89

Table legend: (Time is in decaauts)
 A = Elapsed time spent in this place.
 B = Non-inter-level travel time spent in this place.
 C = Inter-level travel time spent in this place.
 D = Time resting spent in this place.
 E = Time spent auto-exploring this place.
 F = Levels seen in this place.
 G = Mean time per level.
                   A        B        C        D        E       F      G
               +--------+--------+--------+--------+--------+-----+--------+
         Total |   4193 |   4085 |    108 |      5 |   3514 |   5 |  838.6 |
       Dungeon |   4193 |   4085 |    108 |      5 |   3514 |   5 |  838.6 |
               +--------+--------+--------+--------+--------+-----+--------+

Top non-repeatable levels by time:
     D:4: 1528 daAuts
     D:1: 1222 daAuts
     D:3: 895 daAuts
     D:5: 487 daAuts
     D:2: 59 daAuts
